 Dungeon Crawl Stone Soup version 0.27-a0-1139-g28e009f8a6 (webtiles) character file.

Game seed: 10733867797761137107

3966 wayreth the Grappler (level 10, -8/153 HPs)
             Began as a Troll Berserker on May 7, 2021.
             Was an Elder of Trog.
             Mangled by a manticore (25 damage)
             ... on level 7 of the Dungeon.
             The game lasted 00:13:45 (5696 turns).

wayreth the Grappler (Troll Berserker)              Turns: 5696, Time: 00:13:46

Health: -8/153     AC:  6    Str: 30    XL:     10   Next: 2%
Magic:  9/9        EV: 11    Int:  3    God:    Trog [****..]
Gold:   356        SH:  0    Dex:  9    Spells: 9/9 levels left

rFire    . . .     SeeInvis .     - Unarmed
rCold    . . .     Faith    .   (no shield)
rNeg     . . .     Spirit   .   a - +0 animal skin
rPois    +         Reflect  .   (helmet restricted)
rElec    .         Harm     .   s - +1 cloak
rCorr    .         Rampage  .   (gloves unavailable)
Will     .....                  (boots unavailable)
Stlth    ..........             q - amulet of regeneration
HPRegen  2.35/turn              b - ring of poison resistance
MPRegen  0.11/turn              (no ring)

@: berserking, very quick
A: large, unfitting armour, claws 3, regeneration 1, shaggy fur 1, tough skin 1
a: Renounce Religion, Berserk, Trog's Hand, Brothers in Arms


You were on level 7 of the Dungeon.
You worshipped Trog.
Trog was greatly pleased with you.
You visited 1 branch of the dungeon, and saw 7 of its levels.

You collected 356 gold pieces.

Inventory:

Missiles
 n - a throwing net
Armour
 a - a +0 animal skin (worn)
 s - a +1 cloak (worn)
Jewellery
 b - a ring of poison resistance (left claw)
 c - a +4 ring of evasion
 k - a ring of magical power
 q - an amulet of regeneration (around neck)
 y - a +4 ring of evasion
Wands
 r - a wand of paralysis (5)
 v - a wand of mindburst (15)
 A - a wand of flame (11)
Scrolls
 d - a scroll of fog {unknown}
 f - 5 scrolls of identify
 g - a scroll of magic mapping {unknown}
 h - a scroll of holy word {unknown}
 i - 4 scrolls of teleportation {unknown}
 j - a scroll of blinking {unknown}
 m - a scroll of immolation {unknown}
 o - a scroll of brand weapon {unknown}
 p - a scroll of amnesia {unknown}
 t - a scroll of vulnerability {unknown}
 w - a scroll of fear {unknown}
Potions
 e - a potion of curing {unknown}
 l - 2 potions of attraction
 u - 2 potions of resistance {unknown}
 x - 3 potions of brilliance {unknown}
 z - a potion of magic {unknown}


   Skills:
 - Level 7.4 Fighting
 - Level 7.2 Dodging
 * Level 9.2 Unarmed Combat


You had 9 spell levels left.
You didn't know any spells.
Your spell library was empty.

Dungeon Overview and Level Annotations

Branches:
Dungeon (7/15)             Temple (0/1) D:4

Altars:
Ashenzari
Elyvilon
Gozag
Kikubaaqudgha
Qazlal
Ru
Trog
Uskayaw
The Shining One

Shops:
D:1 (   D:2 =*[


Innate Abilities, Weirdness & Mutations

You are too large for most types of armour.
You have claws for hands.
Your natural rate of healing is unusually fast.
You are covered in fur. (AC +1)
You have tough skin. (AC +1)


Message History

You closely miss the water moccasin.
The water moccasin is severely wounded.
The water moccasin barely misses you.
You mangle the water moccasin!!
You kill the water moccasin!
Trog accepts your kill.
You have reached level 10!
A manticore comes into view.
You claw the manticore! Your claw misses the manticore.
The manticore is lightly wounded.
The manticore barely misses you.
The manticore claws you but does no damage.
The manticore claws you!
You barely miss the manticore.
The manticore is lightly wounded.
The manticore bites you. The manticore claws you!
The manticore closely misses you.
You claw the manticore!
The manticore is moderately wounded.
You claw the manticore!
The manticore is heavily wounded.
The manticore bites you!! The manticore claws you.
The manticore closely misses you.
You scratch the manticore but do no damage.
The manticore is heavily wounded.
The manticore bites you. The manticore misses you.
The manticore closely misses you.
You claw the manticore!
The manticore is almost dead.
The manticore bites you!! The manticore claws you!
* * * LOW HITPOINT WARNING * * *
The manticore claws you!
* * * LOW HITPOINT WARNING * * *
You are too injured to fight recklessly!
You are too injured to fight recklessly!
You are too injured to fight recklessly!
Okay, then.
A red film seems to cover your vision as you go berserk!
You feel yourself moving faster!
You feel mighty! The manticore bites you!!
You die...

##...# . #....# . .
#....##### .### ......
#........## #.............
##........# ##...
..........
##......#.####...#
#......[.. ##.####.####
....# #...(..... #..# #.#
###H..# #.#....... #### #.#
#..@# #.#.....#. #.## #..##
#.#>...... ##..###..###
##........ #..........##
##........#
##...###.....####........##
###...##
##....<.##..####.## #.....#
#......##.## #..# ##....##
#....#....# ##..## #.####.#
#####.##### #....#


You could see a manticore.

Vanquished Creatures
  A gargoyle (D:6)
  The ghost of night the Conjurer, a novice DgCj (D:5)
  Grinder (D:4)
  Sigmund (D:3)
  Edmund (D:4)
  3 water moccasins
  5 ice beasts
  4 sky beasts
  A centaur (D:5)
  A necrophage (D:2)
  2 ogres (D:4)
  2 bullfrogs
  A wyvern zombie (D:7)
  2 scorpions
  A water moccasin skeleton (D:6)
  5 wights
  3 bullfrog zombies (D:5)
  4 hounds
  2 jellies
  A centaur skeleton (D:4)
  A centaur zombie (D:6)
  4 orc priests (D:6)
  3 iguanas
  5 orc wizards
  A hound zombie (D:5)
  A howler monkey skeleton (D:6)
  7 adders
  A shadow imp (D:7)
  2 white imps (D:6)
  4 ufetubi
  A dart slug (D:3)
  20 orcs
  7 bats
  7 endoplasms
  7 giant cockroaches
  7 goblins
  5 hobgoblins
  4 jackals
  5 kobolds
  2 quokkas
  7 ball pythons
  6 frilled lizards
  6 rats
155 creatures vanquished.

Vanquished Creatures (others)
  An orc wizard (D:6)
1 creature vanquished.

Grand Total: 156 creatures vanquished

Notes
Turn   | Place    | Note
-------+----------+-------------------------------------------
     0 | D:1      | wayreth the Troll Berserker began the quest for the Orb.
     0 | D:1      | Reached XP level 1. HP: 22/22 MP: 0/0
    60 | D:1      | Reached XP level 2. HP: 27/29 MP: 1/1
   232 | D:1      | Found Ugiqogra's Weapon Shoppe.
   253 | D:1      | Found a faded altar of an unknown god.
   436 | D:1      | Reached XP level 3. HP: 37/37 MP: 2/2
   666 | D:2      | Found Dyjucel's Antique Armour Shoppe.
   863 | D:2      | Noticed a necrophage
   875 | D:2      | Killed a necrophage
   876 | D:2      | Reached XP level 4. HP: 33/49 MP: 3/3
   971 | D:2      | Found Wainiwou's Jewellery Shop.
   997 | D:2      | Reached ** piety under Trog
  1078 | D:2      | Found a hide-covered altar of Uskayaw.
  1181 | D:2      | Reached XP level 5. HP: 55/55 MP: 4/4
  1419 | D:2      | Found Ubieniqove's Assorted Antiques.
  1427 | D:2      | Reached skill level 5 in Fighting
  1672 | D:3      | Noticed an ice beast
  1682 | D:3      | Killed an ice beast
  1683 | D:3      | Reached XP level 6. HP: 39/66 MP: 5/5
  1931 | D:3      | Noticed Sigmund
  2007 | D:4      | Found a broken altar of Ashenzari.
  2127 | D:4      | Found an ancient bone altar of Kikubaaqudgha.
  2137 | D:4      | Found a sacrificial altar of Ru.
  2138 | D:4      | Found an opulent altar of Gozag.
  2138 | D:4      | Found a stormy altar of Qazlal.
  2138 | D:4      | Found a glowing golden altar of the Shining One.
  2183 | D:4      | Found a white marble altar of Elyvilon.
  2374 | D:4      | Reached XP level 7. HP: 73/76 MP: 6/6
  2396 | D:4      | Found a bloodstained altar of Trog.
  2467 | D:4      | Found a staircase to the Ecumenical Temple.
  2500 | D:4      | Noticed Grinder
  2510 | D:4      | Killed Grinder
  2929 | D:5      | Entered Level 5 of the Dungeon
  2944 | D:4      | Reached *** piety under Trog
  3009 | D:5      | Reached XP level 8. HP: 60/87 MP: 7/7
  3136 | D:5      | Noticed Edmund
  3176 | D:4      | Reached skill level 5 in Dodging
  3199 | D:4      | Killed Edmund
  3254 | D:5      | Found a large runed translucent door.
  3254 | D:5      | Found a large runed translucent door.
  3255 | D:5      | Noticed night's ghost (novice DgCj)
  3793 | D:3      | Killed Sigmund
  4205 | D:5      | Killed night's ghost
  4206 | D:5      | Reached skill level 4 in Unarmed Combat
  4206 | D:5      | Reached XP level 9. HP: 93/93 MP: 8/8
  4397 | D:6      | Reached **** piety under Trog
  4398 | D:6      | Reached skill level 5 in Unarmed Combat
  4656 | D:6      | Reached skill level 6 in Unarmed Combat
  5214 | D:7      | Reached skill level 7 in Unarmed Combat
  5354 | D:7      | Noticed a gargoyle
  5435 | D:6      | Reached skill level 8 in Unarmed Combat
  5451 | D:6      | Killed a gargoyle
  5548 | D:7      | Reached skill level 9 in Unarmed Combat
  5606 | D:7      | Reached XP level 10. HP: 100/102 MP: 9/9
  5689 | D:7      | Noticed a manticore
  5696 | D:7      | Mangled by a manticore

Illustrated notes

Levels and vault maps discovered:
D:1:      dpeg_arrival_oval, layout_loops_ring,
          hellmonk_ecumenical_altar_pennies_from_heaven, serial_shops, shop
D:2:      layout_loops_corners, basic_altar, serial_shops, nicolae_shop_trees,
          nicolae_shop_trees, shop
D:3:      layout_loops_ring, minmay_ruptured, uniq_sigmund
D:4:      layout_loops_ring, minitemple, lightli_temple_of_fire,
          lemuel_round_altar, temple_green, uniq_grinder
D:5:      layout_rooms, ebering_ghost_disaster_area, minmay_liquid_box,
          uniq_edmund
D:6:      layout_basic
D:7:      layout_layer_cave, minmay_microvault

Skill      XL: |  1  2  3  4  5  6  7  8  9 |
---------------+----------------------------+-----
Fighting       | 3 4 5 6 7 |  7.4
Dodging        | 4 7 |  7.2
Unarmed Combat | 4 9 |  9.2

Action                   |  1- 3 |  4- 6 |  7- 9 | 10-12 || total
-------------------------+-------+-------+-------+-------++-------
Melee: Unarmed           |    59 |   161 |   356 |     6 ||   582
       Punch             |     2 |     2 |     4 |       ||     8
Invok: Berserk           |     1 |     2 |     5 |     1 ||     9
       Trog's Hand       |       |       |     1 |       ||     1
  Use: Scroll            |       |       |     4 |       ||     4
 Stab: Distracted        |       |       |     1 |       ||     1
Armor: Animal skin       |    17 |    67 |   103 |     1 ||   188
Dodge: Dodged            |    28 |   128 |   179 |     5 ||   340

Table legend: (Time is in decaauts)
 A = Elapsed time spent in this place.
 B = Non-inter-level travel time spent in this place.
 C = Inter-level travel time spent in this place.
 D = Time resting spent in this place.
 E = Time spent auto-exploring this place.
 F = Levels seen in this place.
 G = Mean time per level.
                   A        B        C        D        E       F      G
               +--------+--------+--------+--------+--------+-----+--------+
         Total |   5745 |   5499 |    246 |    446 |   3854 |   7 |  820.7 |
       Dungeon |   5745 |   5499 |    246 |    446 |   3854 |   7 |  820.7 |
               +--------+--------+--------+--------+--------+-----+--------+

Top non-repeatable levels by time:
     D:4: 1084 daAuts
     D:6: 1049 daAuts
     D:2: 884 daAuts
     D:3: 859 daAuts
     D:5: 834 daAuts
     D:1: 657 daAuts
     D:7: 375 daAuts
